 Dungeon Crawl Stone Soup version 0.27-a0-1200-g94dc6ad4cf (webtiles) character file.

Game seed: 11732372075215924267

39 deadmanwalking the Shield-Bearer (level 3, -1/33 HPs)
             Began as a Minotaur Fighter on June 1, 2021.
             Slain by Sigmund
             ... wielding a +0 scythe
              (7 damage)
             ... on level 2 of the Dungeon.
             The game lasted 00:02:40 (1383 turns).

deadmanwalking the Shield-Bearer (Minotaur Fighter) Turns: 1383, Time: 00:02:41

Health: -1/33      AC:  6    Str: 20    XL:     3   Next: 26%
Magic:  2/2        EV:  7    Int:  6    God:
Gold:   77         SH:  0    Dex:  9    Spells: 2/2 levels left

rFire    . . .     SeeInvis .   a - +0 flail
rCold    . . .     Faith    .   c - +1 kite shield
rNeg     . . .     Spirit   .   b - +0 scale mail
rPois    .         Reflect  .   (helmet restricted)
rElec    .         Harm     .   (no cloak)
rCorr    .         Rampage  .   (no gloves)
Will     .....                  (no boots)
Stlth    ..........             (no amulet)
HPRegen  0.11/turn              (no ring)
MPRegen  0.08/turn              (no ring)

@: confused, mighty
A: horns 2, retaliatory headbutt
a: no special abilities


You were on level 2 of the Dungeon.
You visited 1 branch of the dungeon, and saw 2 of its levels.

You collected 77 gold pieces.

Inventory:

Hand Weapons
 a - a +0 flail (weapon)
Missiles
 g - 102 stones (quivered)
 h - 27 bolts
Armour
 b - a +0 scale mail (worn)
 c - a +1 kite shield (worn)
Scrolls
 f - 2 scrolls of fog


   Skills:
 - Level 4.0 Fighting
 + Level 3.4 Maces & Flails
 - Level 3.6 Armour
 + Level 4.4 Shields


You had 2 spell levels left.
You didn't know any spells.
Your spell library contained the following spells:

 Spells                   Type           Power      Damage    Failure   Level
 Passwall                 Tmut/Erth      0%         N/A       100%        2
 Swiftness                Air            0%         N/A       100%        3
 Passage of Golubria      Tloc           N/A        N/A       100%        4
 Lee's Rapid Deconstruct  Erth           0%         3d5*      100%        5
 Invisibility             Hex            0%         N/A       100%        6


Dungeon Overview and Level Annotations

Branches:
Dungeon (2/15)

Altars:

Annotations:
D:2 Sigmund


Innate Abilities, Weirdness & Mutations

You have a pair of horns on your head.
You reflexively headbutt those who attack you in melee.


Message History

No target in view!
g - 102 stones (gained 16)
A dart slug comes into view.
You hit the dart slug. You headbutt the dart slug!
You kill the dart slug!
No target in view!
You see here a dart slug corpse.
You now have 62 gold pieces (gained 4).
Found a ring mail.
Found a stone staircase leading up.
You now have 77 gold pieces (gained 15).
You see here a dart slug corpse.
f - 2 scrolls of fog (gained 1) Sigmund the Dreaded comes into view.
He is wielding a +0 scythe.
Sigmund shouts!
Sigmund casts a spell at you. The puff of flame hits you!
You feel very mighty all of a sudden. Sigmund closely misses you.
Sigmund closely misses you.
You thump Sigmund! Your headbutt misses Sigmund.
Sigmund is moderately wounded.
Sigmund gestures at you while chanting.
You are confused.
Sigmund hits you from afar with a +0 scythe.
Sigmund points at you and mumbles some strange words.
You are more confused.
Sigmund points at you and mumbles some strange words.
You resist with significant effort.
You're too confused to move!
Sigmund hits you from afar with a +0 scythe!
* * * LOW HITPOINT WARNING * * *
Sigmund points at you and mumbles some strange words.
You resist with significant effort.
You aren't carrying any potions.
Sigmund barely misses you. Sigmund barely misses you.
Sigmund screams, "Die, monster!"
Sigmund hits you from afar with a +0 scythe!
You die...

#.#.#.....####
#.#.......####
#.#.##.......#
#.#...†<.....#
#######.#####......#
#....##............#
#....########......# .
#....# #....... .@. #..@.#
#......# .....#####@...###
###.####
................########>#
....######....#.#........#
. #....#.#.######.#
#....#........†.####
#....###....#.......
###### ####.#.#.....
#.#.#...##


You could see Sigmund.

Vanquished Creatures
  An adder (D:2)
  2 dart slugs
  2 endoplasms (D:1)
  A giant cockroach (D:2)
  2 goblins
  2 hobgoblins (D:1)
  A ball python (D:1)
  2 bats (D:2)
  2 frilled lizards (D:1)
  9 kobolds
  3 rats (D:1)
27 creatures vanquished.

Vanquished Creatures (others)
  9 plants (D:1)
9 creatures vanquished.

Grand Total: 36 creatures vanquished

Notes
Turn   | Place    | Note
-------+----------+-------------------------------------------
     0 | D:1      | deadmanwalking the Minotaur Fighter began the quest for the
                  | Orb.
     0 | D:1      | Reached XP level 1. HP: 19/19 MP: 0/0
   341 | D:1      | Reached XP level 2. HP: 27/27 MP: 1/1
  1215 | D:2      | Reached XP level 3. HP: 33/33 MP: 2/2
  1362 | D:2      | Noticed Sigmund
  1383 | D:2      | Slain by Sigmund

Illustrated notes

Levels and vault maps discovered:
D:1:      amcnicky_arrival_wind_blow, layout_loops_ring, lexackson_kobold_supper
D:2:      layout_basic, hellmonk_ecumenical_altar_prayer_group, uniq_sigmund

Skill      XL: |  1  2 |
---------------+-------+-----
Shields        | 4 |  4.4
Fighting       | 4 |  4.0
Maces & Flails | 3 |  3.4
Armour         | |  3.6

Action                   || total
-------------------------++-------
Melee: Flail             ||    66
       Headbutt          ||     7
  Use: Scroll            ||     4
       Potion            ||     1
Armor: Scale mail        ||    34
Dodge: Dodged            ||    26
Block: Kite shield       ||    43

Table legend: (Time is in decaauts)
 A = Elapsed time spent in this place.
 B = Non-inter-level travel time spent in this place.
 C = Inter-level travel time spent in this place.
 D = Time resting spent in this place.
 E = Time spent auto-exploring this place.
 F = Levels seen in this place.
 G = Mean time per level.
                   A        B        C        D        E       F      G
               +--------+--------+--------+--------+--------+-----+--------+
         Total |   1413 |   1356 |     57 |      0 |   1155 |   2 |  706.5 |
       Dungeon |   1413 |   1356 |     57 |      0 |   1155 |   2 |  706.5 |
               +--------+--------+--------+--------+--------+-----+--------+

Top non-repeatable levels by time:
     D:1: 1145 daAuts
     D:2: 268 daAuts
